Description

One of the most common openings we’ve seen from top Protoss in recent times where they seem to be struggling. Something which puts a lot of pressure on Terran to execute their opening perfectly, scout what’s happening and defend well or fall far behind. If terran just goes on autopilot they will usually end up in a very poor position - they need to have a very strict reaction and a huge delay on something in order to defend well. As shown at the end of the video Innovation delays his factory by several minutes in order to afford turrets and defend cleanly.

Build Order

  • 16 gate
  • 16 gas
  • Send probe out to your proxy location right after dropping gas
  • 18 2nd gas (1:00)
  • 19 Core
  • 19 2nd pylon (proxied)
  • @Core - DELAY WG Research
  • Mocore (chrono)
  • 2xadepts
  • SG (2:05)
  • Pylon at home
  • Try to pylon rush
  • 2 pylons + adepts + msc
  • @SG - Oracle (chrono)
    • 2 more oracles
    • Voidray (for defence)
  • 3:00 34/39 - natural nexus
  • Go for 3 oracles total (can stop at less if not doing damage)
  • Probe up behind it
  • If you do lots of damage drop a 3rd nexus immediately - they can’t move out while your oracles threaten
  • 3-gates
  • Robo

From here do whatever you want - this is just an opening guide. You could very easily:

Add phoenix and glaives + blink, go for adepts/immortals/sentries and stalkers with phoenix and look to take big midgame engagements

VOD

https://www.youtube.com/watch?v=VYAzNT_KP3M

Replay - PvT Proxy Stargate Oracle Opening - The PiG Daily #121

Build Order

Get SALT Encoding   

  12  0:01  Probe (Chrono Boost)  
  13  0:11  Probe (Chrono Boost)  
  14  0:18  Pylon  
  14  0:22  Probe (Chrono Boost)  
  15  0:36  Probe (Chrono Boost)  
  15  0:38  Gateway  
  16  0:43  Assimilator  
  16  0:47  Probe (Chrono Boost)  
  17  0:57  Probe (Chrono Boost)  
  17  0:58  Assimilator  
  18  1:08  Probe (Chrono Boost)  
  19  1:14  Pylon  
  19  1:18  Probe (Chrono Boost)  
  19  1:25  Cybernetics Core  
  20  1:29  Probe (Chrono Boost)  
  22  1:40  Probe (Chrono Boost)  
  23  2:01  Adept  
  23  2:02  Mothership Core (Chrono Boost)  
  23  2:06  Stargate  
  27  2:15  Warp Gate  
  28  2:28  Pylon, Adept  
  32  2:55  Oracle  
  32  2:58  Pylon x2  
  36  3:34  Nexus  
Spawning Tool Build Advisor. Get it on Overwolf

Analysis

Notes and Execution:

You can go zealot first to try and put on pressure/disrupt the bunker going up on the lowground - though this is a huge tell of what you’re going for If there’s a 2nd reaper leave 2nd adept at home Don’t forget the pylon after you start msc/adept/SG - supply blocked oracle = herpy derpy Make sure your pylons are in range of their addons If you have trouble losing your probe with the rush, bring a second probe Remember reaper pops at 2:00 normally so you can use this knowledge to often find the Shade your first adept across the map asap so they can’t get a bunker up on the lowground (usually you can stop this) If they find your SG and the reaper tries to depower it go and drop another pylon to ensure it stays powered * 4-player maps * This map can work super well on 4 player maps where your opponent might scout you very late On 4-player maps find a central area that’s equidistant to all possible enemy spawns. You will need to scout after dropping SG at the proxy, AND Send another probe from your base to find their spawn

Go to:

Details

  • Created by: PiG      
  • Published on: Feb 15, 2017
  • Modified on: Feb 15, 2017
  • Patch: 3.8.0
Show
View Real Time Build Order
Export as new Build Order

Comments (0)

There are no comments. Be the first!

Create an account to comment!